 Dungeon Crawl Stone Soup version 0.27.0-1-g7a08968 (webtiles) character file.

Game seed: 16639347038184649802

6 NeededCrab the Caller (level 1, 0/13 HPs)
             Began as a Gnoll Summoner on Oct 13, 2021.
             Slain by a jackal (2 damage)
             ... on level 1 of the Dungeon.
             The game lasted 00:00:57 (128 turns).

NeededCrab the Caller (Gnoll Summoner)               Turns: 128, Time: 00:00:58

Health: 0/13       AC:  2    Str:  7    XL:     1   Next: 90%
Magic:  3/6        EV: 13    Int: 14    God:
Gold:   0          SH:  0    Dex: 12    Spells: 8/9 levels left

rFire    . . .     SeeInvis .   d - +0 club
rCold    . . .     Faith    .   (no shield)
rNeg     . . .     Spirit   .   a - +0 robe
rPois    .         Reflect  .   (no helmet)
rElec    .         Harm     .   (no cloak)
rCorr    .         Rampage  .   (no gloves)
Will     .....                  (no boots)
Stlth    ++........             (no amulet)
HPRegen  0.04/turn              (no ring)
MPRegen  0.10/turn              (no ring)

@: no status effects
A: fangs 1, strong nose, distributed training
a: no special abilities


You were on level 1 of the Dungeon.
You visited 1 branch of the dungeon, and saw 1 of its levels.

Inventory:

Hand Weapons
 d - a +0 club (weapon)
 e - a +0 whip
Armour
 a - a +0 robe (worn)
Scrolls
 b - a scroll of magic mapping {unknown}
Potions
 c - a potion of berserk rage {unknown}


   Skills:
 + Level 0.2 Fighting
 + Level 0.2 Short Blades
 + Level 0.2 Long Blades
 + Level 0.2 Axes
 + Level 0.2 Maces & Flails
 + Level 0.2 Polearms
 + Level 0.2 Staves
 + Level 0.2 Slings
 + Level 0.2 Bows
 + Level 0.2 Crossbows
 + Level 0.2 Throwing
 + Level 0.2 Armour
 + Level 4.4 Dodging
 + Level 4.0 Stealth
 + Level 0.2 Shields
 + Level 0.2 Unarmed Combat
 + Level 4.9 Spellcasting
 + Level 0.1 Conjurations
 + Level 0.1 Hexes
 + Level 7.0 Summonings
 + Level 0.1 Necromancy
 + Level 0.1 Translocations
 + Level 0.1 Transmutations
 + Level 0.1 Fire Magic
 + Level 0.1 Ice Magic
 + Level 0.1 Air Magic
 + Level 0.1 Earth Magic
 + Level 0.1 Poison Magic
 + Level 0.3 Invocations
 + Level 0.2 Evocations


You had 8 spell levels left.
You knew the following spells:

 Your Spells              Type           Power      Damage    Failure   Level
a - Summon Small Mammal   Summ           92%        N/A       1%          1

Your spell library contained the following spells:

 Spells                   Type           Power      Damage    Failure   Level
 Call Imp                 Summ           23%        N/A       1%          2
 Call Canine Familiar     Summ           23%        N/A       3%          3
 Summon Guardian Golem    Hex/Summ       13%        N/A       12%         3
 Summon Lightning Spire   Summ/Air       13%        N/A       36%         4


Dungeon Overview and Level Annotations

Branches:
Dungeon (1/15)

Altars:


Innate Abilities, Weirdness & Mutations

You have very sharp teeth.
Your uncanny sense of smell can sniff out nearby items.
Your experience applies equally to all skills.


Message History

The jackal pauses to sniff the ground.
The jackal misses your quokka.
Your quokka bites the jackal.
The jackal dies!
Your quokka misses the jackal. The jackal bites you.
* * * LOW HITPOINT WARNING * * *
The jackal misses your quokka.
Your quokka bites the jackal.
Your quokka misses the jackal. You barely miss the jackal.
Your bite misses the jackal.
The jackal is almost dead.
The jackal bites you.
* * * LOW HITPOINT WARNING * * *
The jackal misses your quokka. The jackal bites your quokka.
The jackal barely misses you.
Your quokka bites the jackal but does no damage.
Your quokka bites the jackal.
The jackal dies!
Your quokka bites the jackal.
The jackal dies!
The jackal barely misses your quokka. The jackal closely misses you.
The jackal bites your quokka. The jackal misses you.
Your quokka bites the jackal.
The jackal dies!
The jackal barely misses your quokka.
You see here a jackal corpse.
Unknown command.
Your quokka bites the jackal.
A ball python comes into view.
The jackal bites you but does no damage.
Casting: Summon Small Mammal (safe; 1% risk of failure)
Confirm with . or Enter, or press ? or * to list all spells.
The jackal bites your quokka but does no damage.
Your quokka bites the jackal.
The jackal bites you but does no damage.
You closely miss the jackal.
The jackal is almost dead.
The jackal barely misses you.
Your quokka misses the jackal.
Your quokka barely misses the jackal.
Your quokka completely misses the jackal.
The jackal bites you.
You die...

.#.....##............
.#.....#.#..........# .
##......#.##......##. ..
##.......##.#....#.# ...
.........#(#.####.#.#....
....#.....#.##..##.#.....
...........##..rr##......
...............hr)S......
##............r.@hh......
#.........##....##......
#........#.##..##∆#.....
####....#.#.#### ∆#....
#....## #. .... #...# ...
#h.# ..


You could see 3 jackals, a ball python and 4 friendly quokkas.

Vanquished Creatures (collateral kills)
  2 endoplasms (D:1)
  5 jackals (D:1)
  A kobold (D:1)
  A rat (D:1)
9 creatures vanquished.

Notes
Turn   | Place    | Note
-------+----------+-------------------------------------------
     0 | D:1      | NeededCrab the Gnoll Summoner began the quest for the Orb.
     0 | D:1      | Reached XP level 1. HP: 13/13 MP: 6/6
   128 | D:1      | Slain by a jackal

Illustrated notes

Levels and vault maps discovered:
D:1:      amcnicky_arrival_choice, layout_basic, basic_ecumenical_altar,
          minmay_misc_feat_secret_circle

Action                   || total
-------------------------++-------
Melee: Club              ||     6
 Cast: Summon Small Mamm ||    10
 Stab: Distracted        ||     1
Armor: Robe              ||     6
Dodge: Dodged            ||    12
